 Dungeon Crawl Stone Soup version 0.29-a0-577-gafbf2c5d25 (webtiles) character file.

Game seed: 16290673946148566700

104 DuloT34 the Grave Robber (level 4, -1/33 HPs)
             Began as a Demonspawn Necromancer on June 13, 2022.
             Slain by an adder (3 damage)
             ... on level 3 of the Dungeon.
             The game lasted 00:07:30 (3070 turns).

DuloT34 the Grave Robber (Demonspawn Necromancer)   Turns: 3070, Time: 00:07:31

Health: -1/33      AC:  4    Str:  8    XL:     4   Next: 52%
Magic:  8/8        EV: 12    Int: 18    God:
Gold:   43         SH:  0    Dex: 14    Spells: 2/8 levels left

rFire   . . .      SeeInvis .   o - +0 spear
rCold   . . .      Faith    .   (no shield)
rNeg    . . .      Spirit   .   a - +0 robe
rPois   .          Reflect  .   (helmet restricted)
rElec   .          Harm     .   (no cloak)
rCorr   .          Rampage  .   (no gloves)
Will    .....                   l - +0 pair of boots
Stlth   ++........              (no amulet)
HPRegen 0.11/turn               e - ring of flight
MPRegen 0.11/turn               (no ring)

@: flying
A: horns 1, sharp scales 1
a: no special abilities


You were on level 3 of the Dungeon.
You visited 1 branch of the dungeon, and saw 3 of its levels.

You collected 43 gold pieces.

Inventory:

Hand Weapons
 f - a +0 short sword
 o - a +0 spear (weapon)
Armour
 a - a +0 robe (worn)
 l - a +0 pair of boots (worn)
Jewellery
 e - a ring of flight (left hand)
Scrolls
 g - a scroll of amnesia {unknown}
 i - a scroll of immolation
 p - a scroll of noise {unknown}
Potions
 b - a potion of magic
 c - 2 potions of heal wounds
 d - a potion of lignification {unknown}
 h - a potion of haste
 j - a potion of flight {unknown}
 k - 3 potions of curing
 m - a potion of brilliance {unknown}
 n - a potion of degeneration {unknown}


   Skills:
 + Level 1.9 Fighting
 + Level 2.6 Dodging
 - Level 1.7 Stealth
 + Level 2.7 Spellcasting
 + Level 5.0 Necromancy


You had 2 spell levels left.
You knew the following spells:

 Your Spells              Type           Power      Damage    Failure   Level
a - Necrotize             Necr           80%        1d8       1%          1
b - Vampiric Draining     Necr           20%        2d7       6%          3
c - Scorch                Fire           4%         2d5       26%         2

Your spell library contained the following spells:

 Spells                   Type           Power      Damage    Failure   Level
 Apportation              Tloc           4%         N/A       17%         1
 Summon Small Mammal      Summ           8%         N/A       17%         1
 Ensorcelled Hibernation  Hex/Ice        4%         N/A       26%         2
 Animate Dead             Necr           20%        N/A       21%         4
 Gell's Gravitas          Tloc           2%         N/A       45%         3
 Lesser Beckoning         Tloc           2%         N/A       45%         3
 Spider Form              Tmut/Pois      2%         N/A       45%         3
 Teleport Other           Tloc           2%         N/A       45%         3
 Agony                    Necr           20%        N/A       50%         5
 Anguish                  Hex/Necr       5%         N/A       52%         4
 Flame Wave               Conj/Fire      2%         2d4       86%         4
 Summon Cactus Giant      Summ           1%         N/A       100%        6


Dungeon Overview and Level Annotations

Branches:
Dungeon (3/15)

Altars:

Shops:
D:2 [?[(


Innate Abilities, Weirdness & Mutations

You have a pair of small horns on your head.
You are partially covered in razor-sharp scales. (AC +1, Slay +1)


Message History

You can't see any susceptible monsters within range! (Use Z to cast anyway.)
There are no items here.
Your kobold skeleton crumbles into dust!
Casting: Necrotize (safe; 1% risk of failure)
Confirm with . or Enter, or press ? or * to list all spells.
Aiming: Necrotize (safe; 1% risk of failure)
Press: ? - help, Shift-Dir - straight line, f - frilled lizard
Aim: a frilled lizard (asleep, chance to affect: 89%)
The frilled lizard hisses angrily.
The frilled lizard writhes in agony.
You kill the frilled lizard!
The dead are walking!
Found 12 gold pieces.
You pick up a book of Dreams and begin reading...
You add the spells Ensorcelled Hibernation, Spider Form and Anguish to your library.
A hobgoblin comes into view.
The hobgoblin shouts!
You hear a shout! x2
An adder comes into view.
An orc priest comes into view. It is wielding a +0 club.
Found a scroll labelled TATSON YTUEXO.
The adder hisses angrily.
An orc wizard and 2 orcs come into view.
Found a barding.
The orc priest invokes the aid of Beogh against you.
Beogh smites you!
The orc wizard casts a spell.
The orc wizard flickers and vanishes!
Deactivating autopickup; reactivate with Ctrl-A.
Your frilled lizard skeleton barely misses the hobgoblin.
The adder attacks as you move away! The adder bites you.
The adder attacks as you move away! The adder bites you but does no damage.
Your frilled lizard skeleton bites the orc priest.
The adder misses you. The adder attacks as you move away!
The adder closely misses you.
The orc priest calls down the wrath of Beogh upon you.
Beogh smites you!
* * * LOW HITPOINT WARNING * * *
Your frilled lizard skeleton barely misses the orc priest.
The adder bites you.
You die...

....#####.:.......#
.$...........###.#
..........Zoo....#
...........o..####
..............# .#####
..............#####......
###...........g...#......
###########..S..#.......
#...@.........#
#..##.........#
#.............#
###.#.........#
..#...#.....)...#
................#
.......#.........#
.....#...........#
#....##..........#


You could see an orc priest, an adder, an orc, a hobgoblin (ally target) and a
friendly frilled lizard skeleton.

Vanquished Creatures
  A hound (D:2)
  2 adders (D:2)
  A worm (D:2)
  2 dart slugs
  4 bats
  2 endoplasms
  5 goblins
  6 hobgoblins
  3 jackals (D:2)
  5 quokkas
  A ball python (D:2)
  4 frilled lizards
  6 kobolds
  3 rats
45 creatures vanquished.

Vanquished Creatures (collateral kills)
  An endoplasm (D:1)
  A jackal (D:2)
2 creatures vanquished.

Grand Total: 47 creatures vanquished

Notes
Turn   | Place    | Note
-------+----------+-------------------------------------------
     0 | D:1      | DuloT34 the Demonspawn Necromancer began the quest for the
                  | Orb.
     0 | D:1      | Reached XP level 1. HP: 13/13 MP: 3/3
   382 | D:1      | Gained mutation: You have a pair of small horns on your
                  | head. [demonic ancestry]
   382 | D:1      | Reached XP level 2. HP: 11/20 MP: 0/5
   946 | D:1      | Reached skill level 1 in Fighting
  1271 | D:1      | Found a faded altar of an unknown god.
  1327 | D:1      | Reached XP level 3. HP: 26/26 MP: 3/6
  1447 | D:2      | Learned a level 2 spell: Scorch
  1626 | D:2      | Found Gyngoac's Antique Armour Shop.
  1758 | D:2      | Found Muko's Antique Armour Shop.
  1924 | D:2      | Learned a level 3 spell: Vampiric Draining
  2024 | D:2      | Found Polapoe's Assorted Antiques.
  2028 | D:2      | Reached skill level 5 in Necromancy
  2028 | D:2      | Gained mutation: You are partially covered in razor-sharp
                  | scales. (AC +1, Slay +1) [demonic ancestry]
  2028 | D:2      | Reached XP level 4. HP: 33/33 MP: 1/7
  2599 | D:2      | Found Mitzuto's Weapon Emporium.
  2735 | D:2      | Found Jesaxoib's Magic Scroll Shop.
  3070 | D:3      | Slain by an adder

Illustrated notes

Levels and vault maps discovered:
D:1:      sevenhm_arrival_forest_fort_small_3, layout_basic,
          dreamdust_ecumenical_altar_angels_and_demons, nrook_campfire,
          minmay_heptomino_d4
D:2:      layout_basic, serial_shops,
          nicolae_shop_temple_entry_statues_fountains, shop_fountains, shop,
          nicolae_shop_bloodbath_and_beyond, shop
D:3:      layout_basic, kennysheep_slug_shrine

Skill      XL: |  1  2  3 |
---------------+----------+-----
Dodging        | 2 |  2.6
Fighting       | 1 |  1.9
Necromancy     | 5 |  5.0
Stealth        | |  1.7
Spellcasting   | |  2.7

Action                   |  1- 3 |  4- 6 || total
-------------------------+-------+-------++-------
Melee: Unarmed           |    27 |       ||    27
       Short sword       |    37 |    10 ||    47
       Headbutt          |     6 |     2 ||     8
       Spear             |       |     3 ||     3
 Cast: Necrotize         |    40 |     9 ||    49
       Vampiric Draining |     3 |       ||     3
       Scorch            |     2 |     1 ||     3
  Use: Potion            |     1 |       ||     1
       Scroll            |     1 |     2 ||     3
 Stab: Sleeping          |     3 |     1 ||     4
Armor: Robe              |    17 |     2 ||    19
Dodge: Dodged            |    54 |     6 ||    60

Table legend: (Time is in decaauts)
 A = Elapsed time spent in this place.
 B = Non-inter-level travel time spent in this place.
 C = Inter-level travel time spent in this place.
 D = Time resting spent in this place.
 E = Time spent auto-exploring this place.
 F = Levels seen in this place.
 G = Mean time per level.
                   A        B        C        D        E       F      G
               +--------+--------+--------+--------+--------+-----+--------+
         Total |   3054 |   2949 |    105 |    989 |   1562 |   3 | 1018.0 |
       Dungeon |   3054 |   2949 |    105 |    989 |   1562 |   3 | 1018.0 |
               +--------+--------+--------+--------+--------+-----+--------+

Top non-repeatable levels by time:
     D:2: 1523 daAuts
     D:1: 1417 daAuts
     D:3: 113 daAuts
